 Dungeon Crawl Stone Soup version 0.20.1-1-g8b1a95d (webtiles) character file.

75 Giltor the Sneak (level 4, -2/21 HPs)
             Began as a Spriggan Enchanter on Aug 7, 2017.
             Slain by Sigmund
             ... wielding a +0 scythe
              (11 damage)
             ... on level 3 of the Dungeon.
             The game lasted 00:29:23 (2941 turns).

Giltor the Sneak (Spriggan Enchanter)               Turns: 2941, Time: 00:29:24

Health: -2/21      AC:  2    Str:  5    XL:     4   Next: 11%
Magic:  4/9        EV: 18    Int: 16    God:
Gold:   80         SH:  0    Dex: 16    Spells: 3/9 levels left

rFire    . . .     SeeInvis +   j - -2 dagger (curse)
rCold    . . .     Gourm    .   (shield restricted)
rNeg     . . .     Faith    .   b - +0 robe
rPois    .         Spirit   .   (helmet restricted)
rElec    .         Reflect  .   (no cloak)
rCorr    .         Harm     .   (gloves unavailable)
MR       .....                  (boots unavailable)
Stlth    +++.......             (no amulet)
Regen    0.1/turn               (no ring)
MPRegen  0.2/turn               (no ring)

@: very quick
A: unfitting armour, see invisible, herbivore 3, speed 3, slow metabolism 2
a: no special abilities


You were on level 3 of the Dungeon.
You were full.

You visited 1 branch of the dungeon, and saw 3 of its levels.

You collected 80 gold pieces.

Inventory:

Hand Weapons
 a - a +1 dagger
 j - a cursed -2 dagger (weapon)
Armour
 b - a +0 robe (worn)
Potions
 d - a potion of might
 i - a potion of brilliance
Books
 c - a book of Maledictions

   Spells                             Type                      Level
   a - Corona                         Hexes                        1
   b - Ensorcelled Hibernation        Hexes/Ice                    2
   c - Confuse                        Hexes                        3
   d - Tukima's Dance                 Hexes                        3
   e - Dazzling Spray                 Conjuration/Hexes            3
Comestibles
 f - a bread ration


   Skills:
 - Level 2.0 Short Blades
 - Level 3.0 Dodging
 - Level 5.3 Stealth
 - Level 3.1 Spellcasting
 * Level 4.9 Hexes


You had 3 spell levels left.
You knew the following spells:

 Your Spells              Type           Power        Failure   Level  Hunger
a - Corona                Hex            ###....      2%          1    #......
b - Ensorcelled Hibernat  Hex/Ice        ##....       10%         2    ##.....
c - Confuse               Hex            ###.....     8%          3    ###....


Dungeon Overview and Level Annotations

Branches:
Dungeon (3/15)

Altars:
Ashenzari
Gozag

Annotations:
D:3 Coffe1991's ghost, amateur OpBe; Sigmund


Innate Abilities, Weirdness & Mutations

You are very small and have problems with some larger weapons.
You are too small for most types of armour.
You have supernaturally acute eyesight. (SInv)
You are a herbivore.
You cover ground extremely quickly.
You need consume almost no food.


Message History

The bat closely misses you.
The giant cockroach completely misses you.
The bat completely misses you.
You hit Sigmund but do no damage.
Sigmund is lightly wounded.
The bat misses you. The bat completely misses you.
Sigmund completely misses you. The giant cockroach misses you.
You hit Sigmund but do no damage.
Sigmund is lightly wounded.
The bat completely misses you. The giant cockroach bites you.
You hit Sigmund but do no damage.
Sigmund is lightly wounded.
Sigmund closely misses you. The giant cockroach barely misses you.
The bat completely misses you.
You barely miss Sigmund.
Sigmund is lightly wounded.
The bat hits you but does no damage. The giant cockroach closely misses you.
Sigmund hits you with a scythe!
Ouch! That really hurt!
You die...

########
###......######
...............
#....<.# .. #......#
....
.#......#######....
............(...#..>
..##..#...@.........
# #..###.s.@b.......
......#............
##.#......W.........
................#...
.. ......#..........
...............##
...............#
........?...##...


You could see Sigmund (invisible), Coffe1991's ghost, a giant cockroach and a
bat.

Vanquished Creatures
  3 adders (D:2)
  2 dart slugs
  A leopard gecko (D:2)
  A ball python (D:2)
  2 giant cockroaches (D:2)
  5 goblins
  6 hobgoblins
  6 jackals
  4 bats
  2 frilled lizards (D:1)
  6 kobolds
  3 rats
41 creatures vanquished.

Notes
Turn   | Place    | Note
-------+----------+-------------------------------------------
     0 | D:1      | Giltor the Spriggan Enchanter began the quest for the Orb.
     0 | D:1      | Reached XP level 1. HP: 9/9 MP: 5/5
   163 | D:1      | Found a shattered altar of Ashenzari.
   383 | D:1      | Reached skill level 5 in Stealth
   850 | D:1      | Reached XP level 2. HP: 11/13 MP: 0/6
   854 | D:1      | Learned a level 2 spell: Ensorcelled Hibernation
  1116 | D:2      | Found a faded altar of an unknown god.
  1736 | D:2      | Reached XP level 3. HP: 7/16 MP: 3/8
  2012 | D:2      | Learned a level 3 spell: Confuse
  2522 | D:2      | Found an opulent altar of Gozag.
  2705 | D:2      | Reached XP level 4. HP: 19/21 MP: 2/9
  2922 | D:3      | Noticed Sigmund
  2937 | D:3      | Noticed Coffe1991's ghost (amateur OpBe)
  2941 | D:3      | Slain by Sigmund

Skill      XL: |  1  2  3 |
---------------+----------+-----
Stealth        | 5 |  5.3
Hexes          | 4 |  4.9
Spellcasting   | 3 |  3.1
Short Blades   | 2 |  2.0
Dodging        | |  3.0

Action                   |  1- 3 |  4- 6 || total
-------------------------+-------+-------++-------
Melee: Dagger            |   187 |    16 ||   203
 Cast: Corona            |    13 |       ||    13
       Ensorcelled Hiber |    49 |     6 ||    55
  Use: Scroll            |     5 |       ||     5
 Stab: Sleeping          |    30 |     1 ||    31
  Eat: Bread ration      |     1 |       ||     1
       Royal jelly       |       |     1 ||     1
Armor: Robe              |    22 |     2 ||    24
Dodge: Dodged            |   192 |    26 ||   218
